AoeStats
← Ekaterina

Nomad

507890695Analyzed
4v4 RM · 11d ago on Sep 20, 2026· 47m 59s· 8 players
Game mode
Random Map
Map size
231×231
Population
200
Speed
Normal
Resources
Standard
Victory
Conquest
Starting age
Dark Age
Ending age
Imperial Age
RankedLock teamsTeams togetherTeam positionsShared explorationLock speedFull tech treeHidden civsTurbo modeCheats
Victory
Defeat
🇧🇷 Franks · Brazil
701
+19
🇨🇱 Mongols · Chile
677
+20
🇦🇷 Huns · Argentina
661
+20
🇧🇷 Chinese · Brazil
644
+21
🇺🇾 Cumans · Uruguay
855
-24
🇮🇳 Gurjaras · India
735
-19
🇺🇾 Magyars · Uruguay
722
-25
🇺🇸 Huns · United States
717
-18
Tomacho
21:27 Feudal Age
26:50 Wheelbarrow
26:10 Double-Bit Axe
26:08 Horse Collar
26:55 Stone Mining
30:48 Gold Mining
36:11 Castle Age
37:58 Hand Cart
37:57 Bow Saw
37:50 Heavy Plow
41:26 Stone Shaft Mining
41:29 Gold Shaft Mining
45:02 Imperial Age
44:50 Forging
44:31 Fletching
44:42 Padded Archer Armor
44:43 Scale Mail Armor
46:40 Parthian Tactics
46:40 Ballistics
nene
4:04 Loom
15:02 Feudal Age
17:43 Man-at-Arms
26:53 Castle Age
24:55 Gold Mining
24:52 Horse Collar
27:57 Double-Bit Axe
31:02 Bow Saw
31:40 Wheelbarrow
34:46 Hand Cart
35:37 Marauders
38:11 Ballistics
37:46 Murder Holes
38:02 Masonry
41:45 Imperial Age
41:01 Gold Shaft Mining
40:17 Stone Mining
41:43 Heavy Plow
43:05 Scale Barding Armor
43:01 Scale Mail Armor
43:12 Forging
43:49 Conscription
42:52 Elite Tarkan
44:05 Chain Mail Armor
44:11 Chain Barding Armor
44:21 Bloodlines
43:31 Light Cavalry
44:12 Husbandry
44:02 Town Watch
45:40 Chemistry
45:22 Iron Casting
[MCC] Bacteria-Am
3:48 Loom
14:19 Feudal Age
17:59 Town Watch
20:59 Scale Barding Armor
NoobForever
4:54 Loom
16:04 Feudal Age
30:21 Castle Age
31:00 Padded Archer Armor
30:50 Fletching
31:18 Double-Bit Axe
31:15 Horse Collar
35:10 Wheelbarrow
39:43 Bow Saw
41:10 Murder Holes
41:35 Masonry
42:32 Ballistics
43:30 Caravan
44:07 Hand Cart
43:37 Town Watch
46:19 Thumb Ring
zafishroc
9:35 Loom
14:14 Feudal Age
17:59 Man-at-Arms
niminaroc
6:32 Loom
15:19 Feudal Age
17:27 Double-Bit Axe
Ekaterina
17:14 Feudal Age
saikrishan399
8:40 Loom
18:16 Feudal Age
19:04 Horse Collar
19:13 Double-Bit Axe
20:20 Man-at-Arms
21:50 Arson
23:28 Forging
23:20 Scale Mail Armor
26:59 Scale Barding Armor
27:23 Gold Mining
28:13 Wheelbarrow
34:33 Castle Age
32:58 Stone Mining
Connection lost

Rejoining the realm…

Still unreachable

The connection could not be restored.

Session expired

The server has moved on; the page needs a fresh start.